Map: Ascension to Aiur LE

Players

InTA

  • Race: Zerg Zerg
  • League: Master
  • Spawn Location: 5:00

Rik - Winner!

  • Race: Protoss Protoss
  • League: Master
  • Spawn Location: 11:00

VOD

Have the link to the VOD?

Description

Time

  • Played on: Dec. 6, 2017, 12:56 p.m.
  • Length: 12:22
Show
View Real Time Build Order
Export as new Build Order

InTA Zerg 

Build Orders: Hatch First 

Get SALT Encoding   

  12  0:01  Drone  
  13  0:12  Overlord  
  13  0:17  Drone  
  14  0:31  Drone x2  
  16  0:36  Drone  
  17  0:51  Hatchery  
  17  0:55  Drone  
  17  0:58  Drone  
  18  1:09  Extractor  
  17  1:13  Spawning Pool  
  17  1:16  Drone  
  17  1:19  Drone  
  18  1:28  Drone  
  19  1:39  Overlord  
  19  1:49  Drone  
  20  1:59  Queen  
  20  2:00  Drone  
  23  2:03  Queen  
  23  2:04  Drone  
  26  2:11  Metabolic Boost  
  26  2:15  Zergling x2  
  26  2:16  Zergling x2  
  28  2:30  Drone x2  
  30  2:44  Hatchery  
  29  2:45  Zergling x2  
  29  2:46  Drone x2  
  29  2:49  Overlord  
  32  2:59  Drone x2  
  34  3:11  Spore Crawler  
  34  3:12  Drone x3  
  36  3:18  Drone x2  
  36  3:19  Drone x3  
  41  3:21  Queen  
  43  3:27  Overlord  
  43  3:34  Spore Crawler x2  
  43  3:36  Drone x2  
  43  3:45  Drone x2  
  44  3:50  Drone x2  
  44  3:51  Baneling Nest  
  45  4:06  Lair  
  45  4:10  Zergling x8  
  45  4:13  Overlord x3  
  45  4:14  Spore Crawler  
  48  4:22  Extractor  
  48  4:23  Extractor  
  46  4:26  Evolution Chamber  
  46  4:31  Queen x2  
  45  4:35  Zergling x8  
  45  4:37  Drone  
  54  4:42  Drone x2  
  54  4:43  Drone  
  57  4:58  Overlord x2  
  57  5:01  Zerg Missile Weapons Level 1  
  55  5:14  Drone x2  
  57  5:27  Drone  
  57  5:28  Drone x9  
  67  5:33  Hydralisk Den  
  64  5:44  Queen  
  64  5:48  Extractor  
  65  5:53  Drone x3  
  68  6:00  Roach Warren  
  64  6:11  Zergling x4  
  64  6:12  Zergling x12  
  64  6:13  Overseer  
  72  6:18  Drone  
  72  6:19  Overlord x4  
  72  6:23  Muscular Augments  
  73  6:30  Overlord x2  
  72  6:40  Drone  
  72  6:41  Drone  
  73  6:48  Hydralisk x8  
  73  6:52  Drone x2  
  90  7:05  Baneling x7  
  90  7:15  Drone x3  
  91  7:16  Drone x2  
  91  7:17  Hydralisk x2  
  91  7:18  Hydralisk  
  100  7:35  Hydralisk x3  
  100  7:36  Zergling x4, Hydralisk  
  105  7:43  Hydralisk x3  
  106  7:44  Zergling x6  
  106  7:46  Drone  
  106  7:47  Spire  
  106  7:49  Extractor  
  106  7:51  Extractor  
  106  7:52  Hydralisk x2  
  108  8:08  Drone x2  
  108  8:09  Drone x3  
  108  8:12  Overlord x3  
  113  8:20  Overlord x2  
  109  8:43  Roach x3, Hydralisk x3  
  109  8:46  Roach x3, Hydralisk x4  
  132  8:50  Zerg Missile Weapons Level 2  
  132  8:53  Drone x3  
  135  9:04  Glial Reconstitution  
  135  9:09  Drone  
  137  9:10  Drone x3  
  137  9:14  Corruptor  
  141  9:17  Hatchery  
  140  9:29  Corruptor x4  
  148  9:39  Overlord x3  
  148  9:41  Zerg Flyer Weapons Level 1  
  148  9:54  Overlord x3  
  148  10:04  Hydralisk  
  148  10:06  Corruptor x4  
  156  10:09  Corruptor  
  160  10:15  Drone x4  
  160  10:16  Drone  
  165  10:26  Corruptor x2  
  169  10:41  Roach x7  
  169  10:42  Roach  
  181  10:54  Drone x4  
  181  10:56  Spore Crawler  
  183  10:57  Spine Crawler  
  183  10:59  Spore Crawler  
  181  11:06  Infestation Pit  
  181  11:07  Roach x5  
  185  11:37  Corruptor x2  
  185  11:38  Corruptor x3  
  175  11:40  Roach  
  175  11:42  Roach x4  
  181  11:58  Roach x8, Hydralisk  
Show
View Real Time Build Order
Export as new Build Order

Rik Protoss - Winner!

Build Orders: 1 Gate Expand, Phoenix Opening, Colossus Rush 

Get SALT Encoding   

  12  0:01  Probe  
  13  0:13  Probe  
  14  0:19  Pylon  
  14  0:25  Probe  
  15  0:37  Probe (Chrono Boost)  
  15  0:39  Gateway  
  16  0:49  Probe (Chrono Boost)  
  17  0:51  Probe (Chrono Boost)  
  17  0:53  Assimilator  
  18  1:03  Probe (Chrono Boost)  
  20  1:14  Probe (Chrono Boost)  
  20  1:24  Nexus  
  20  1:33  Cybernetics Core  
  20  1:37  Probe  
  21  1:42  Assimilator  
  21  1:49  Probe  
  21  1:51  Pylon  
  22  2:01  Probe  
  23  2:10  Adept (Chrono Boost)  
  23  2:11  Warp Gate  
  23  2:13  Probe  
  26  2:25  Probe  
  26  2:29  Stargate  
  27  2:35  Probe  
  27  2:36  Adept  
  30  2:37  Probe  
  31  2:48  Probe  
  32  2:52  Gateway, Probe  
  33  3:00  Probe  
  33  3:04  Probe  
  35  3:12  Probe  
  36  3:16  Phoenix (Chrono Boost), Probe  
  36  3:17  Adept  
  39  3:24  Probe  
  39  3:26  Pylon  
  40  3:31  Probe  
  41  3:34  Phoenix (Chrono Boost)  
  41  3:37  Probe  
  41  3:38  Assimilator  
  44  3:43  Assimilator, Probe  
  44  3:47  Pylon  
  45  3:49  Probe  
  45  3:52  Phoenix (Chrono Boost)  
  45  3:55  Probe  
  49  4:02  Probe  
  50  4:07  Phoenix (Chrono Boost)  
  52  4:12  Probe  
  52  4:13  Robotics Facility  
  52  4:17  Forge  
  53  4:19  Probe  
  54  4:26  Probe  
  57  4:31  Phoenix (Chrono Boost)  
  57  4:32  Probe  
  57  4:33  Pylon  
  57  4:38  Probe  
  59  4:44  Probe  
  60  4:47  Gateway  
  60  4:48  Gateway  
  60  4:50  Probe  
  60  4:52  Protoss Ground Weapons Level 1  
  61  4:56  Probe  
  62  5:01  Observer, Shield Battery  
  62  5:02  Probe  
  64  5:07  Robotics Bay  
  64  5:08  Probe  
  65  5:14  Probe  
  65  5:20  Sentry, Probe  
  69  5:23  Pylon  
  69  5:27  Pylon x2  
  69  5:33  Probe  
  70  5:41  Probe  
  71  5:45  Sentry, Adept  
  71  5:47  Probe  
  76  5:54  Probe  
  76  5:55  Colossus (Chrono Boost)  
  83  6:05  Probe  
  83  6:07  Adept  
  83  6:08  Adept  
  81  6:12  Adept  
  81  6:14  Adept  
  81  6:16  Probe  
  86  6:21  Extended Thermal Lance  
  86  6:25  Probe  
  87  6:29  Twilight Council  
  87  6:33  Nexus  
  87  6:36  Pylon  
  87  6:38  Pylon  
  87  6:39  Colossus (Chrono Boost)  
  94  6:40  Probe  
  94  6:54  Probe  
  94  6:55  Probe  
  96  7:02  Shield Battery  
  96  7:03  Protoss Ground Weapons Level 2 (Chrono Boost)  
  96  7:04  Gateway x2  
  96  7:07  Gateway, Probe x2  
  96  7:17  Sentry x2  
  96  7:18  Sentry, Shield Battery  
  96  7:19  Probe  
  96  7:21  Blink (Chrono Boost)  
  103  7:22  Shield Battery  
  103  7:28  Probe  
  103  7:29  Observer (Chrono Boost)  
  105  7:34  Adept  
  105  7:40  Probe  
  105  7:43  Probe  
  99  7:45  Adept  
  99  7:48  Zealot x2  
  102  7:52  Probe  
  102  7:57  Probe  
  104  7:58  Probe  
  104  8:00  Colossus (Chrono Boost)  
  104  8:04  Probe  
  112  8:09  Probe  
  112  8:10  Probe  
  114  8:19  Gateway  
  114  8:22  Gateway  
  114  8:33  Zealot x3  
  113  8:34  Adept, Probe  
  113  8:38  Probe  
  113  8:39  Probe  
  115  8:52  Probe  
  116  8:57  Assimilator  
  116  9:01  Assimilator  
  116  9:02  Gateway, Colossus (Chrono Boost)  
  116  9:04  Gateway  
  116  9:06  Gateway  
  122  9:14  Pylon  
  122  9:16  Pylon  
  122  9:18  Charge  
  122  9:19  Pylon  
  121  9:36  Colossus (Chrono Boost)  
  121  9:37  Protoss Ground Weapons Level 3 (Chrono Boost)  
  127  9:39  Gateway  
  127  9:47  Stalker x3  
  133  9:56  Nexus  
  133  9:57  Templar Archives  
  133  10:10  Pylon  
  133  10:11  Photon Cannon  
  133  10:15  Stalker x2, Photon Cannon  
  137  10:21  Warp Prism  
  137  10:22  Pylon  
  139  10:29  Stalker x2  
  139  10:32  Shield Battery  
  139  10:33  Probe  
  139  10:34  Probe  
  139  10:35  Probe  
  146  10:46  Probe x2  
  148  10:51  High Templar  
  148  10:52  High Templar x3  
  148  10:53  High Templar x2  
  148  10:56  Archon x2  
  160  10:57  Archon  
  160  10:58  Zealot x2  
  160  11:02  Pylon  
  160  11:04  Pylon  
  164  11:11  Stalker x3  
  170  11:29  Stalker  
  170  11:30  Stalker x4  
  174  11:45  Stalker x6  
  182  12:01  Stalker x2  
  182  12:02  Stalker x3  
  192  12:13  Stalker x3  
  192  12:14  Stalker  
  164  12:20  Stalker x2  
Tags
 
Add a new tag
Caveats
  • Supply blocks, unpowered buildings, or Contaminate may cause inaccurate times.
  • Supply counts are checked every 10 seconds.